 Dungeon Crawl Stone Soup version 0.31.0-11-ge490571c62 (webtiles) character file.

Game seed: 14557822380923152143

30 qw the Shooter (level 3, -1/18 HPs)
             Began as a Spriggan Hunter on Feb 4, 2024.
             Succumbed to their own poison gas
             ... on level 1 of the Dungeon.
             The game lasted 00:00:21 (697 turns).

qw the Shooter (Spriggan Hunter)                     Turns: 697, Time: 00:00:22

Health: -1/18      AC:  2    Str:  7    XL:     3   Next: 3%
Magic:  4/4        EV: 19    Int: 10    God:
Gold:   13         SH:  0    Dex: 20    Spells: 2/2 levels left

rFire   . . .        a - +0 shortbow
rCold   . . .        (shield currently unavailable)
rNeg    . . .        c - +0 robe
rPois   .            (helmet restricted)
rElec   .            (no cloak)
rCorr   .            (gloves unavailable)
SInv    +            (boots unavailable)
Will    .....        (no amulet)
Stlth   ++           (no ring)
HPRegen 0.23/turn    (no ring)
MPRegen 0.09/turn

%: no passive effects
@: lethally poisoned (-1 -> -10), very quick
A: very small, no large weapons, unfitting armour, see invisible, speed 3
a: no special abilities


You were on level 1 of the Dungeon.
You visited 1 branch of the dungeon, and saw 1 of its levels.

You collected 13 gold pieces.


Innate Abilities, Weirdness & Mutations

You are very small and have problems with some larger weapons.
You are too small for most types of armour.
You have supernaturally acute eyesight. (SInv)
You cover ground extremely quickly. (Speed+++)


   Skills:
 - Level 1.5 Fighting
 + Level 4.4 Ranged Weapons
 - Level 4.0 Dodging
 - Level 1.5 Stealth


You had 2 spell levels left.
You didn't know any spells.
Your spell library was empty.

Inventory:

Hand Weapons
 a - a +0 shortbow (weapon)
Armour
 c - a +0 robe (worn)
Scrolls
 f - a scroll of teleportation

Dungeon Overview and Level Annotations

Branches:
Dungeon (1/15)

Altars:


Message History

Done exploring.
690 ||| READING 2 scrolls labelled ISAOG HYORALUO.
The air fills with toxic fumes!
As you read the scroll labelled ISAOG HYORALUO, it crumbles to dust.
It was a scroll of poison.
Done exploring.
691 ||| DROPPING scroll of butterflies.
You drop a scroll of butterflies.
Done exploring.
692 ||| DROPPING scroll of poison.
You drop a scroll of poison.
Done exploring.
What level of the Dungeon? (default 1, ? - help) Sorry, I don't know how to get there.
Enter note:
Enter note:
Enter note:
Enter note:
Enter note:
Enter note:
Enter note:
Enter note:
Enter note:
Enter note:
Enter note:
Enter note:
Enter note:
Enter note:
Enter note: You are engulfed in poison gas.
You are lethally poisoned!
You feel very sick.
694 ||| Stepping ~*~*~tactically~*~*~ (cloud).
You feel sick.
Things that are here:
a scroll of poison; a scroll of butterflies; a ring of flight
There is a lethal amount of poison in your body!
You feel very sick.
There is a lethal amount of poison in your body!
You feel very sick.
There is a lethal amount of poison in your body!
You die...

#########
####¤¤.....########
###
#.¤¤¤#####.##......
..####
#.¤¤0............##
#....###
#.0¤.#####.#..##.##
#.##...# ###0#.#
#....##...
#.##...###
#¤¤@#.#####.....####
#....#...###
#0###..........##
...#.#.#...# #.#
#########..#####
.#%#.#.#.#.# #.#
#.......
##########.# #.#
#.######
#.#.#.#%#..# #.#
##'##
..#.#.#....###.#
##...##
#...#...##..##.###
##.....##
##....#####....#.##
##.......##


There were no monsters in sight!

Vanquished Creatures
  An endoplasm (D:1)
  7 giant cockroaches (D:1)
  A hobgoblin (D:1)
  3 jackals (D:1)
  3 kobolds (D:1)
  2 quokkas (D:1)
  4 ball pythons (D:1)
  A bat (D:1)
  2 frilled lizards (D:1)
  2 rats (D:1)
26 creatures vanquished.

Notes
Turn   | Place    | Note
-------+----------+-------------------------------------------
     0 | D:1      | qw the Spriggan Hunter began the quest for the Orb.
     0 | D:1      | Reached XP level 1. HP: 10/10 MP: 2/2
     0 | D:1      | 0 ||| qw: Version: 0.3-a-160-g6735b56
     0 | D:1      | 0 ||| qw: Game counter: 6052
     0 | D:1      | 0 ||| qw: Melee chars always use a shield: true
     0 | D:1      | 0 ||| qw: God list: Okawaru
     0 | D:1      | 0 ||| qw: Allow faded altars: false
     0 | D:1      | 0 ||| qw: Do Orc after clearing Dungeon:15 true
     0 | D:1      | 0 ||| qw: Do second Lair branch before Depths: true
     0 | D:1      | 0 ||| qw: Lair rune preference: random
     0 | D:1      | 0 ||| qw: Goals: Normal
     0 | D:1      | 0 ||| PLANNING D:1-11
    23 | D:1      | Reached skill level 3 in Dodging
    75 | D:1      | Reached XP level 2. HP: 14/14 MP: 3/3
   602 | D:1      | Reached XP level 3. HP: 18/18 MP: 4/4
   688 | D:1      | 688 ||| DROPPING ring of flight.
   689 | D:1      | 689 ||| READING scroll labelled BEOCADGH VYBB.
   689 | D:1      | 689 ||| IDENTIFYING scroll labelled YCAORU MENIMEI
   690 | D:1      | 690 ||| READING 2 scrolls labelled ISAOG HYORALUO.
   691 | D:1      | 691 ||| DROPPING scroll of butterflies.
   692 | D:1      | 692 ||| DROPPING scroll of poison.
   694 | D:1      | 694 ||| Stepping ~*~*~tactically~*~*~ (cloud).
   695 | D:1      | HP: 4/18 [poisoned by you (poison gas)]
   696 | D:1      | HP: 1/18 [poisoned by you (poison gas)]
   697 | D:1      | Succumbed to their own poison gas

Levels and vault maps discovered:
D:1:      orjb1_clovarrival, layout_loops_corners, minmay_worlds_worst_comb

Skill      XL: |  1  2 |
---------------+-------+-----
Dodging        | 3 4 |  4.0
Fighting       | |  1.5
Ranged Weapons | |  4.4
Stealth        | |  1.5

Action                     || total
---------------------------++-------
   Fire: Shortbow          ||    58
    Use: Scroll            ||     2
 Armour: Robe              ||     4
  Dodge: Dodged            ||    15

Table legend:
 A = Non-vault XP
 B = Vault XP
 C = Vault XP percentage of total XP
 D = Non-vault monster count
 E = Vault monster count
 F = Vault count percentage of total count
                 A         B        C        D         E       F
            +---------+---------+-------+---------+---------+-------
      Total |      31 |      12 |  27.9 |      20 |       6 |  23.1
            +---------+---------+-------+---------+---------+-------
        D:1 |      31 |      12 |  27.9 |      20 |       6 |  23.1
            +---------+---------+-------+---------+---------+-------
